cohdb
Replays
Latest Replays
All Replays
Popular Replays
Top Player Replays
Match Explorer
How It Works
Community
CoH3 Stats
Reddit
Sign in to upload your games and track your stats! →
Sign in with Steam
Match 44750795
Unlisted
Match 44750795
Overview
Messages
Build Orders
End
Construct Barracks
Riflemen Squad
Riflemen Squad
Riflemen Squad
Grenade Package
Construct Medical Station
Construct Weapon Support Center
Infantry Support Center
Bazooka Squad
Selects Special Operations Battlegroup
Selects Raiding Flares
Selects SSF Commando Squad
SSF Commando Squad
Improved M9 Bazooka Rockets
Raiding Flares
Selects M29 Weasel with M1 Pack Howitzer
M1918 Browning Automatic Rifles
SSF Commando Squad
Advanced Logistics
Engineer Squad
Selects P-47 Anti-Infantry Loiter
SSF Commando Squad
Survival Training
Miško
감귤
Lord Curzon
只因未来
[Ace] Mango Rage
cpt. jack
夜风月随
JT
0
0
Comments
sign in to comment!
No comments posted yet!